AoeStats
← AxD | Cad Bane

MegaRandom

507148523Analyzed
4v4 RM · 15d ago on Sep 16, 2026· 30m 50s· 8 players
Game mode
Random Map
Map size
Large (8 player)
Population
200
Speed
Normal
Resources
Standard
Victory
Conquest
Starting age
Dark Age
Ending age
Imperial Age
RankedLock teamsTeams togetherTeam positionsShared explorationLock speedFull tech treeHidden civsTurbo modeCheats
Victory
Defeat
🇸🇻 Koreans · El Salvador
1612
+12
🇨🇱 Armenians · Chile
1584
+13
🇦🇷 Portuguese · Argentina
1570
+14
🇦🇷 Slavs · Argentina
1368
+22
🇨🇴 Lithuanians · Colombia
1586
-18
🇦🇷 Huns · Argentina
1523
-16
🇦🇷 Chinese · Argentina
1510
-15
🇹🇷 Bengalis · Türkiye
1447
-12
cakinho9 (el chambas)
0:45 Loom
10:35 Feudal Age
14:08 Castle Age
12:25 Double-Bit Axe
15:55 Fletching
17:37 Bodkin Arrow
25:09 Wheelbarrow
24:47 Padded Archer Armor
26:05 Stone Mining
jmolinao
6:04 Loom
8:24 Feudal Age
9:19 Double-Bit Axe
12:02 Fletching
Bzm_JöNTüRK
5:29 Loom
10:50 Feudal Age
15:31 Castle Age
15:17 Double-Bit Axe
27:29 Fletching
27:40 Padded Archer Armor
29:43 Bodkin Arrow
GONZALO MONTIEL
0:34 Loom
10:34 Feudal Age
15:10 Castle Age
14:26 Double-Bit Axe
19:47 Horse Collar
23:49 Bloodlines
23:40 Husbandry
24:33 Scale Barding Armor
25:40 Gold Mining
28:43 Forging
AxD | Cad Bane
0:26 Loom
6:25 Loom
9:13 Feudal Age
10:12 Gold Mining
10:09 Double-Bit Axe
12:15 Forging
15:44 Scale Barding Armor
17:20 Wheelbarrow
17:30 Bloodlines
20:29 Castle Age
18:41 Horse Collar
18:29 Man-at-Arms
18:56 Arson
19:12 Scale Mail Armor
19:43 Gold Mining
20:05 Long Swordsman
21:11 Gambesons
21:33 Two-Handed Swordsman
24:17 Chain Mail Armor
25:21 Squires
26:44 Iron Casting
26:11 Champion
28:33 Iron Casting
CORP_ALASTOR
6:51 Loom
9:33 Feudal Age
10:23 Double-Bit Axe
14:17 Fletching
17:36 Wheelbarrow
18:19 Stone Mining
18:39 Horse Collar
20:06 Town Watch
25:05 Castle Age
25:27 Padded Archer Armor
25:22 Gold Mining
25:49 Crossbowman
27:47 Bow Saw
28:20 Leather Archer Armor
28:03 Bodkin Arrow
30:21 Scale Mail Armor
AxD | Kurumi 002
6:25 Loom
8:43 Feudal Age
9:49 Double-Bit Axe
13:23 Fletching
20:16 Castle Age
19:23 Gold Mining
19:23 Horse Collar
20:20 Crossbowman
21:01 Bodkin Arrow
22:18 Gold Shaft Mining
23:16 Town Watch
24:07 Wheelbarrow
25:20 Ballistics
27:35 Bow Saw
31:05 Thumb Ring
AxD | MatrixWars
6:29 Loom
8:55 Feudal Age
9:26 Double-Bit Axe
9:25 Horse Collar
16:53 Gold Mining
19:59 Castle Age
19:02 Scale Barding Armor
19:09 Bloodlines
20:47 Forging
20:45 Husbandry
21:03 Bow Saw
Connection lost

Rejoining the realm…

Still unreachable

The connection could not be restored.

Session expired

The server has moved on; the page needs a fresh start.